 Dungeon Crawl Stone Soup version 0.30-a0-719-gcc4359ea44 (webtiles) character file.

Game seed: 17339466624991760378

80 Dittersdorf the Trooper (level 4, -5/29 HPs)
             Began as a Gargoyle Fighter on Jan 26, 2023.
             Killed from afar by Jessica (12 damage)
             ... with a bolt of light
             ... on level 2 of the Dungeon.
             The game lasted 00:01:37 (1262 turns).

Dittersdorf the Trooper (Gargoyle Fighter)          Turns: 1262, Time: 00:01:37

Health: -5/29      AC: 13    Str: 22    XL:     4   Next: 39%
Magic:  4/4        EV:  9    Int:  8    God:
Gold:   71         SH:  4    Dex:  9    Spells: 3/3 levels left

rFire   . . .      SeeInvis .    a - +0 flail
rCold   . . .      Faith    .    c - +0 buckler
rNeg    + . .      Spirit   .    b - +0 scale mail
rPois   ∞          Reflect  .    (no helmet)
rElec   +          Harm     .    i - +2 cloak
rCorr   .          Rampage  .    (no gloves)
Will    .....                    (no boots) Stlth
                                 (no amulet)
HPRegen 0.24/turn                (no ring)
MPRegen 0.09/turn                (no ring)

@: no status effects
A: sickness immunity, AC +3, negative energy resistance 1, electricity
resistance, torment resistance 1, petrification resistance
a: no special abilities


You were on level 2 of the Dungeon.
You visited 1 branch of the dungeon, and saw 2 of its levels.

You collected 71 gold pieces.

Inventory:

Hand Weapons
 a - a +0 flail (weapon)
Missiles
 h - 5 poisoned darts (quivered)
Armour
 b - a +0 scale mail (worn)
 c - a +0 buckler (worn)
 i - a +2 cloak (worn)
Jewellery
 l - an amulet of faith
Scrolls
 e - a scroll of identify {unknown}
 f - a scroll of fear {unknown}
 j - a scroll of fog {unknown}
 m - a scroll of teleportation {unknown}
Potions
 d - a potion of might
 g - a potion of flight {unknown}
 k - a potion of haste


   Skills:
 + Level 4.0 Fighting
 + Level 2.7 Maces & Flails
 + Level 4.0 Armour
 + Level 3.9 Shields


You had 3 spell levels left.
You didn't know any spells.
Your spell library was empty.

Dungeon Overview and Level Annotations

Branches:
Dungeon (2/15)

Altars:

Annotations:
D:2 1 runed translucent door, Crazy Yiuf, Jessica


Innate Abilities, Weirdness & Mutations

You are immune to sickness and miasma.
Your stone body is resilient. (AC +3)
You are immune to poison.
You resist negative energy. (rN+)
You are resistant to electric shocks. (rElec)
You are resistant to unholy torment.
You are immune to petrification.


Message History

No target in view!
No target in view!
No target in view!
No target in view!
No target in view!
Found a stone staircase leading down.
Jessica the Apprentice Sorceress comes into view.
She is wielding a +0 club and carrying a wand of light (3).
Jessica shouts!
Jessica mumbles some strange words.
Jessica seems to speed up.
You hear an angry hiss.
A frilled lizard comes into view.
Found a scroll labelled XORIWI KAXATOE.
Jessica hits you with a +0 club.
You barely miss Jessica.
Jessica zaps a wand.
The bolt of light hits you!!
Ouch! That really hurt!
* * * LOW HITPOINT WARNING * * *
Jessica barely misses you.
You are too injured to fight recklessly!
You are too injured to fight recklessly!
You are too injured to fight recklessly!
You are too injured to fight recklessly!
You are too injured to fight recklessly!
You are too injured to fight recklessly!
You are too injured to fight recklessly!
You are too injured to fight recklessly!
You are too injured to fight recklessly!
You are too injured to fight recklessly!
You are too injured to fight recklessly!
You are too injured to fight recklessly!
You are too injured to fight recklessly!
You are too injured to fight recklessly!
You are too injured to fight recklessly!
You are too injured to fight recklessly!
You are too injured to fight recklessly!
You are too injured to fight recklessly!
You barely miss Jessica. You block Jessica's attack.
Jessica hits you but does no damage.
You barely miss Jessica.
Jessica zaps a wand.
The bolt of light hits you!
You die...

## ... .... .....
########......
#>....@@l.....
#...####......
#.#..# .....
#.##.# ..?. #.##.#
### #.##†###
#......###########
###.##............
#......#########


You could see Jessica (fast) and a frilled lizard.

Vanquished Creatures
  Natasha (twice) (D:2)
  An adder (D:2)
  2 endoplasms
  A goblin (D:1)
  2 hobgoblins
  2 jackals (D:2)
  A quokka (D:1)
  5 ball pythons
  2 bats
  4 frilled lizards
  A kobold (D:2)
23 creatures vanquished.

Notes
Turn   | Place    | Note
-------+----------+-------------------------------------------
     0 | D:1      | Dittersdorf the Gargoyle Fighter began the quest for the
                  | Orb.
     0 | D:1      | Reached XP level 1. HP: 14/14 MP: 1/1
   399 | D:1      | Reached XP level 2. HP: 19/19 MP: 2/2
  1017 | D:2      | Noticed Natasha
  1026 | D:2      | Killed Natasha
  1027 | D:2      | Reached XP level 3. HP: 16/24 MP: 3/3
  1125 | D:2      | Noticed Natasha
  1129 | D:2      | Killed Natasha
  1130 | D:2      | Reached XP level 4. HP: 23/29 MP: 4/4
  1187 | D:2      | Found a runed translucent door.
  1188 | D:2      | Noticed Crazy Yiuf
  1256 | D:2      | Noticed Jessica
  1262 | D:2      | Killed from afar by Jessica

Illustrated notes

Levels and vault maps discovered:
D:1:      lightli_arrival_maybe_door_vault, layout_loops_ring
D:2:      layout_basic, uniq_natasha, uniq_jessica, uniq_crazy_yiuf_cottage

Skill      XL: |  1  2  3  4 |
---------------+-------------+-----
Fighting       | 4 |  4.0
Armour         | 4 |  4.0
Maces & Flails | |  2.7
Shields        | |  3.9

Action                     |  1- 3 |  4- 6 || total
---------------------------+-------+-------++-------
  Melee: Flail             |    82 |     7 ||    89
 Armour: Scale mail        |    48 |     1 ||    49
  Dodge: Dodged            |    29 |     1 ||    30
  Block: Buckler           |    21 |     4 ||    25

Table legend: (Time is in decaauts)
 A = Elapsed time spent in this place.
 B = Non-inter-level travel time spent in this place.
 C = Inter-level travel time spent in this place.
 D = Time resting spent in this place.
 E = Time spent auto-exploring this place.
 F = Levels seen in this place.
 G = Mean time per level.
                   A        B        C        D        E       F      G
               +--------+--------+--------+--------+--------+-----+--------+
         Total |   1290 |   1213 |     77 |      0 |   1008 |   2 |  645.0 |
       Dungeon |   1290 |   1213 |     77 |      0 |   1008 |   2 |  645.0 |
               +--------+--------+--------+--------+--------+-----+--------+

Top non-repeatable levels by time:
     D:1: 708 daAuts
     D:2: 582 daAuts
